Kradschützen Motorcycle Team
Construct Light Support Kompanie
Selects Defensive Operations
Panzerjäger Mechanized Group
Construct Mechanized Kompanie
Selects Prepared Positions
Marder III Tank Destroyer
Marder III Tank Destroyer
Selects Registered Artillery
Marder III Tank Destroyer
Selects Towed Cannone da 105/28 Field Howitzer
Construct Panzerarmee Kommand
Marder III Tank Destroyer
Flak 36 Anti-tank Gun Team